 Dungeon Crawl Stone Soup version 0.30-a0-1163-gf69bf04e7a (webtiles) character file.

Game seed: 15148939392344747193

267 Iich the Trooper (level 6, 49/49 HPs) *EXPLORE*
             Began as a Demonspawn Fighter on Apr 28, 2023.
             Got out of the dungeon alive.
             The game lasted 00:04:35 (2909 turns).

Iich the Trooper (Demonspawn Fighter)               Turns: 2909, Time: 00:04:35

Health: 49/49      AC: 11    Str: 16    XL:     6   Next: 0%
Magic:  6/6        EV:  4    Int:  9    God:
Gold:   115        SH:  9    Dex: 15    Spells: 5/5 levels left

rFire   . . .        a - +0 war axe
rCold   . . .        c - +0 buckler
rNeg    . . .        h - +0 plate armour
rPois   .            (helmet restricted)
rElec   .            (no cloak)
rCorr   +            (no gloves)
SInv    .            (no boots)
Will    .....        (no amulet) Stlth
                     j - ring of flight
HPRegen 0.28/turn    C - ring of resist corrosion
MPRegen 0.10/turn

%: no passive effects
@: flying
A: antennae 2, sanguine armour 1, condensation shield
a: no special abilities


You escaped.
You visited 1 branch of the dungeon, and saw 3 of its levels.
You also visited: Sewer.

You collected 115 gold pieces.

Inventory:

Hand Weapons
 a - a +0 war axe (weapon)
Missiles
 e - 2 throwing nets (quivered)
Armour
 b - a +0 scale mail
 c - a +0 buckler (worn)
 h - a +0 plate armour (worn)
Jewellery
 i - a ring of magical power
 j - a ring of flight (left hand)
 C - a ring of resist corrosion (right hand)
Scrolls
 f - 2 scrolls of fog
 k - a scroll of amnesia
 n - a scroll of immolation
 p - a scroll of enchant armour
Potions
 d - a potion of might
 g - a potion of berserk rage
 l - a potion of heal wounds
 m - a potion of curing {unknown}
 o - a potion of haste {unknown}
 q - a potion of magic {unknown}


   Skills:
 + Level 4.3 Fighting
 * Level 3.8 Axes
 - Level 3.4 Armour
 - Level 3.5 Shields


You had 5 spell levels left.
You didn't know any spells.
Your spell library contained the following spells:

 Spells                   Type           Power      Damage    Failure   Level
 Foxfire                  Conj/Fire      0%         2x1d4     100%        1
 Kiss of Death            Conj/Necr      0%         2d5       100%        1
 Lesser Beckoning         Tloc           0%         N/A       100%        2
 Confusing Touch          Hex            0%         N/A       100%        3
 Gell's Gravitas          Tloc           0%         N/A       100%        3
 Teleport Other           Tloc           0%         N/A       100%        3
 Dispel Undead            Necr           0%         3d6       100%        4
 Fireball                 Conj/Fire      0%         3d3       100%        5
 Plasma Beam              Fire/Air       0%         2x1d11    100%        6
 Starburst                Conj/Fire      0%         6d3       100%        6


Dungeon Overview and Level Annotations

Branches:
Dungeon (3/15)              Sewer (visited)

Altars:


Innate Abilities, Weirdness & Mutations

You have a pair of antennae on your head.
When seriously injured, your blood forms armour. (AC +0)
A meltable shield of frost defends you. (SH +4)


Message History

Health restored: 49; MP restored: 6 You slash the giant cockroach!
You kill the giant cockroach!
No target in view!
No target in view!
p - a bubbling puce potion
q - a fizzy black potion
There is a gate leading back out of this place here.
Done exploring.
Done exploring.
Okay, then.
Okay, then.
As you read the scroll of identify, it crumbles to dust.
n - a scroll of immolation
As you read the scroll of identify, it crumbles to dust.
p - a potion of heal wounds;
l - a potion of heal wounds
p - a scroll of enchant armour
Okay, then.
Done exploring.
There is a gate leading back out of this place here.
Welcome back to the Dungeon!
There is a collapsed entrance here.
You see here an adder skeleton.
You now have 115 gold pieces (gained 12).
Found a stone staircase leading down.
i - a ring of magical power
(D) Dungeon
Where to? (Enter - D:3, ? - help)
What level of the Dungeon? (default 1, ? - help)
There is a stone staircase leading down here.
There is a stone staircase leading down here.
There is a stone staircase leading up here.
You fly upwards.
There is a stone staircase leading down here.
There is a stone staircase leading up here.
You fly upwards.
There is a stone staircase leading down here.
There is a staircase leading out of the dungeon here.
Are you sure you want to leave the Dungeon?
This will make you lose the game!
You have escaped!

# ##...###.###.###.###.....##.. #
#..##.###.##.##.###.####..... #
###..###.##.##.##.##)###.####..
###.#...###.##.#.#.##.###.## ##.
.#....##.###.#.#.#.#.###.## #.
.......##..##.##.##.##..## #.
.......####..#.....#..##########.
......##..####.....####..........
.#....#.........@.........#######
###..###..####.....######## ##.#
####..#.....#..###########
####.####..##.##.##.##..##>......
#......#.###.#.#.#.#.###.########
#.......###.##.#.#.##.###.##
#......###.##.##.##.##.###.#
.......##.###.##.##.###[####
.........###.##...##.###..#


There were no monsters in sight!

Vanquished Creatures
  4 jellies (Sewer)
  2 river rats (Sewer)
  4 adders
  4 worms
  A dart slug (D:1)
  13 endoplasms
  6 giant cockroaches
  6 goblins
  5 hobgoblins
  4 jackals (D:3)
  2 kobolds
  2 quokkas
  8 ball pythons
  3 bats
  11 frilled lizards
  9 rats
84 creatures vanquished.

Notes
Turn   | Place    | Note
-------+----------+-------------------------------------------
     0 | D:1      | Iich the Demonspawn Fighter began the quest for the Orb.
     0 | D:1      | Reached XP level 1. HP: 18/18 MP: 1/1
     0 | D:1      | Entered explore mode.
   274 | D:1      | Slain by a hobgoblin (2 damage)
   329 | D:1      | Gained mutation: A meltable shield of frost defends you.
                  | (SH +4) [demonic ancestry]
   329 | D:1      | Reached XP level 2. HP: 18/24 MP: 2/2
  1083 | D:2      | Gained mutation: You have a pair of small antennae on your
                  | head. [demonic ancestry]
  1083 | D:2      | Reached XP level 3. HP: 29/29 MP: 3/3
  2059 | D:3      | Reached XP level 4. HP: 33/35 MP: 4/4
  2113 | D:3      | Identified the +2 dagger of the Whale {holy, Dex+2}
  2249 | D:3      | Found a glowing drain.
  2261 | Sewer    | Entered a sewer
  2432 | Sewer    | Gained mutation: When seriously injured, your blood forms
                  | armour. (AC +0) [demonic ancestry]
  2432 | Sewer    | Reached XP level 5. HP: 27/42 MP: 5/5
  2515 | Sewer    | Reached skill level 4 in Fighting
  2597 | Sewer    | Found a viscous altar of Jiyva.
  2694 | Sewer    | Gained mutation: You have a pair of antennae on your head.
                  | [demonic ancestry]
  2694 | Sewer    | Reached XP level 6. HP: 49/49 MP: 6/6
  2909 | D:$      | Got out of the dungeon alive.

Illustrated notes

Levels and vault maps discovered:
D:1:      spicycebolla_arrival_xxxplode, layout_loops_ring, st_stairs_10,
          minivault_4
D:2:      layout_basic
D:3:      layout_rooms, gammafunk_temple_overflow_wave,
          mainiacjoe_overflow_six_doors_small, gup_sewer_entry_bubbles

Skill      XL: |  1  2  3  4  5 |
---------------+----------------+-----
Axes           | 2 3 |  3.8
Shields        | 3 |  3.5
Armour         | 3 |  3.4
Fighting       | 4 |  4.3

Action                     |  1- 3 |  4- 6 || total
---------------------------+-------+-------++-------
  Melee: War axe           |   149 |   103 ||   252
    Use: Scroll            |     4 |     2 ||     6
 Armour: Scale mail        |   121 |    46 ||   167
         Plate armour      |       |    14 ||    14
  Dodge: Dodged            |    97 |    33 ||   130
  Block: Buckler           |   112 |    51 ||   163

Table legend: (Time is in decaauts)
 A = Elapsed time spent in this place.
 B = Non-inter-level travel time spent in this place.
 C = Inter-level travel time spent in this place.
 D = Time resting spent in this place.
 E = Time spent auto-exploring this place.
 F = Levels seen in this place.
 G = Mean time per level.
                   A        B        C        D        E       F      G
               +--------+--------+--------+--------+--------+-----+--------+
         Total |   3015 |   2851 |    164 |      0 |   1975 |   4 |  753.8 |
       Dungeon |   2521 |   2357 |    164 |      0 |   1611 |   3 |  840.3 |
         Sewer |    493 |    493 |      0 |      0 |    364 |   1 |  493.0 |
               +--------+--------+--------+--------+--------+-----+--------+

Top non-repeatable levels by time:
     D:2: 1111 daAuts
     D:1: 1081 daAuts
   Sewer: 493 daAuts
     D:3: 329 daAuts
